 Dungeon Crawl Stone Soup version 0.29.1-12-g30fa7ad0bf (webtiles) character file.

Game seed: 16714422818070450815

62848 GeoRichter the Black Sun (level 14, -1/109 HPs)
             Began as a Demonspawn Ice Elementalist on Dec 14, 2022.
             Was a High Priest of Kikubaaqudgha.
             Killed from afar by an ice statue (17 damage)
             ... with a bolt of cold
             ... in an ice cave on Dec 15, 2022.
             The game lasted 01:13:33 (21154 turns).

GeoRichter the Black Sun (DsIE)                    Turns: 21154, Time: 01:13:34

Health: -1/109     AC: 11    Str: 10    XL:     14   Next: 65%
Magic:  12/28      EV: 16    Int: 32    God:    Kikubaaqudgha [*****.]
Gold:   1223       SH:  4    Dex: 18    Spells: 11/34 levels left

rFire   + + .      SeeInvis +   b - +5 spear of Vikaomm {elec, Dex+4}
rCold   . . .      Faith    .   (no shield)
rNeg    + . .      Spirit   .   T - +0 acid dragon scales
rPois   .          Reflect  .   S - +1 hat {Int+3}
rElec   .          Harm     .   A - +0 cloak
rCorr   +          Rampage  .   (gloves unavailable)
Will    +....                   x - +0 pair of boots
Stlth   ++........              l - amulet of regeneration
HPRegen 1.08/turn               w - ring "Guod" {Contam rF++ rN+ Int+5}
MPRegen 0.21/turn               f - ring of see invisible

@: death channelling, animating dead, studying Axes
A: big brain 2, condensation shield, demonic magic 2, demonic touch 3
a: Renounce Religion, Unearth Wretches, Torment


You were in an ice cave.
You worshipped Kikubaaqudgha.
Kikubaaqudgha was extremely pleased with you.
You visited 4 branches of the dungeon, and saw 18 of its levels.
You also visited: Bailey, Ice Cave and Volcano.

You collected 1223 gold pieces.

Inventory:

Hand Weapons
 a - the +10 short sword of Zinomoud {drain, *Rage rElec rPois Stlth+}
   (You found it on level 2 of the Dungeon)

   A truly terrible weapon, it drains the life of any living foe it strikes.
   rElec:     It insulates you from electricity.
   rPois:     It protects you from poison.
   *Rage:     It berserks you when you make melee attacks (+20% chance).
   Stlth:     It makes you more stealthy.
 b - the +5 spear of Vikaomm (weapon) {elec, Dex+4}
   (You took it off an orc on level 9 of the Dungeon)

   It occasionally discharges a powerful burst of electricity upon striking a
   foe.
   Dex:       It affects your dexterity (+4).
 E - a +1 demon trident of venom
   (You found it on level 5 of the Lair of Beasts)
Missiles
 e - 15 throwing nets {!f}
Armour
 x - a +0 pair of boots (worn)
   (You found it on level 6 of the Dungeon)
 A - a +0 cloak (worn)
   (You took it off Crazy Yiuf on level 7 of the Dungeon)
 S - a +1 hat of intelligence (worn)
   (You found it on level 11 of the Dungeon)
 T - +0 acid dragon scales (worn)
   (You found it on level 11 of the Dungeon)
Jewellery
 f - a ring of see invisible (right hand)
   (You took it off a kobold brigand on level 7 of the Dungeon)
 l - an amulet of regeneration (around neck)
   (You found it on level 1 of the Lair of Beasts)
 w - the ring "Guod" (left hand) {Contam rF++ rN+ Int+5}
   (You found it on level 5 of the Dungeon)

   [ring of positive energy]

   Int:       It affects your intelligence (+5).
   rF:        It greatly protects you from fire.
   rN:        It protects you from negative energy.
   Contam:    It causes magical contamination when unequipped.
 G - a +4 ring of evasion
   (You found it on level 9 of the Dungeon)
 H - a ring of willpower
   (You found it on level 9 of the Dungeon)
 I - a ring of flight
   (You found it on level 9 of the Dungeon)
Wands
 s - a wand of iceblast (11)
   (You found it on level 4 of the Dungeon)
 y - a wand of paralysis (14)
   (You found it on level 6 of the Dungeon)
 z - a wand of acid (34)
   (You found it on level 6 of the Dungeon)
Scrolls
 c - 6 scrolls of immolation {!r}
 j - 7 scrolls of teleportation {@r4}
 k - 8 scrolls of fog
 n - 6 scrolls of enchant armour
 q - 7 scrolls of amnesia
 t - 2 scrolls of identify {@r1}
 u - 2 scrolls of blinking
 v - 3 scrolls of summoning
 C - a scroll of enchant weapon {unknown}
 J - 4 scrolls of magic mapping
 Q - 3 scrolls of fear
Potions
 d - 3 potions of attraction {!q}
 g - 15 potions of curing {@q1}
 h - 4 potions of heal wounds {@q2}
 i - 2 potions of magic
 m - 3 potions of brilliance
 o - 3 potions of mutation {unknown}
 p - 5 potions of haste {@q3}
 r - 4 potions of might {unknown}
 B - 4 potions of lignification {unknown}
 D - 6 potions of berserk rage
 K - a potion of cancellation {unknown}
 L - a potion of ambrosia {unknown}
 N - 2 potions of degeneration {unknown}
 R - 2 potions of resistance {unknown}
 V - a potion of invisibility {unknown}
Miscellaneous
 O - a phial of floods
   (You found it on level 10 of the Dungeon)


   Skills:
 + Level 9.7 Fighting
 * Level 6.0 Armour
 + Level 9.1 Dodging
 - Level 1.7 Stealth
 + Level 10.7 Spellcasting
 + Level 14.3 Necromancy
 - Level 12.0 Ice Magic
 - Level 4.0 Earth Magic


You had 11 spell levels left.
You knew the following spells:

 Your Spells              Type           Power      Damage    Failure   Level
a - Freeze                Ice            100%       1d11      1%          1
b - Frozen Ramparts       Ice            100%       1d16      1%          3
c - Ozocubu's Armour      Ice            76%        N/A       1%          3
d - Simulacrum            Ice/Necr       39%        N/A       3%          6
e - Death Channel         Necr           41%        N/A       1%          6
f - Animate Dead          Necr           83%        N/A       1%          4

Your spell library contained the following spells:

 Spells                   Type           Power      Damage    Failure   Level
 Necrotise                Necr           100%       1d9       0%          1
 Sublimation of Blood     Necr           83%        N/A       1%          2
 Vampiric Draining        Necr           83%        2d11      1%          3
 Dispel Undead            Necr           83%        3d27      1%          4
 Agony                    Necr           83%        N/A       1%          5
 Hailstorm                Conj/Ice       53%        3d12      3%          4
 Blink                    Tloc           34%        N/A       6%          2
 Corpse Rot               Necr/Pois/Air  47%        N/A       6%          4
 Metabolic Englaciation   Hex/Ice        26%        N/A       10%         5
 Confusing Touch          Hex            17%        N/A       13%         3
 Conjure Flame            Conj/Fire      17%        6-21      13%         3
 Ignite Poison            Fire/Tmut/Pois 17%        N/A       13%         3
 Inner Flame              Hex/Fire       17%        N/A       13%         3
 Airstrike                Air            8%         2d(2-18)  38%         4
 Cause Fear               Hex            8%         N/A       38%         4
 Sticky Flame             Conj/Fire      17%        2d4       38%         4
 Summon Lightning Spire   Summ/Air       17%        N/A       38%         4
 Lightning Bolt           Conj/Air       8%         1d21      75%         5
 Manifold Assault         Tloc           17%        N/A       75%         5
 Yara's Violent Unravell  Hex/Tmut       8%         3d5       75%         5
 Enfeeble                 Hex            8%         N/A       100%        7
 Storm Form               Tmut/Air       8%         N/A       100%        7
 Discord                  Hex            8%         N/A       100%        8
 Chain Lightning          Conj/Air       8%         3d11      100%        9
 Fire Storm               Conj/Fire      8%         8d2       100%        9
 Shatter                  Erth           21%        3d19*     100%        9


Dungeon Overview and Level Annotations

Branches:
Dungeon (11/15) Zot: 25986  Temple (1/1) D:5 Zot: 5982    Lair (5/5) D:11 Zot: 23002
  Swamp (0/4) Lair:3        Snake (1/4) Lair:2 Zot: 5998   Slime (0/5) Lair:5
    Orc (0/2) D:10         Bailey (visited)           IceCv (1/1) Zot: 5953
Volcano (visited)

Altars:
Ashenzari
Cheibriados
Dithmenos
Fedhas
Gozag
Hepliaklqana
Kikubaaqudgha
Makhleb
Nemelex Xobeh
Okawaru
Qazlal
Ru
Sif Muna
Trog
Uskayaw
Vehumet
Wu Jian
Xom
Yredelemnul
Jiyva

Shops:
D:2 :[:=   D:6 *:   D:10 *

Annotations:
D:7 3 runed translucent doors, DildoBatman's ghost, novice FoCj; Voland's ghost, novice MfTm; ripuliukko's ghost, novice GrEE
D:9 4 runed translucent doors, kalagan's ghost, journeyman DECj; matvey144's ghost, journeyman MiFi; peterlawrence's ghost, novice MiFi; ymhsbmbesitwf's ghost, journeyman DjAE IceCv 1 transporter, exclusion: 2 ice statues


Innate Abilities, Weirdness & Mutations

You have an extremely huge brain. (Int +4)
A meltable shield of frost defends you. (SH +4)
Spells you cast may paralyse nearby enemies.
Your touch may irresistibly damage your foes and sap their willpower.


Message History

Your polar bear simulacrum freezes the ice statue.
The ice statue completely resists.
Your polar bear simulacrum claws the ice statue.
Your polar bear simulacrum freezes the ice statue.
The ice statue completely resists.
Your polar bear simulacrum claws the ice statue but does no damage.
The ice statue gestures at your polar bear simulacrum.
The shard of ice hits your polar bear simulacrum!
Your polar bear simulacrum partially resists.
Your spectral rime drake is engulfed in freezing vapours.
Your rime drake zombie is engulfed in freezing vapours.
Your spectral ugly thing hits the ice statue.
You reach to attack!
You hit the ice statue but do no damage.
You are engulfed in freezing vapours.
* * * LOW HITPOINT WARNING * * *
Your spectral rime drake is engulfed in freezing vapours.
Your ugly thing simulacrum hits the ice statue.
Your ugly thing simulacrum freezes the ice statue.
The ice statue completely resists.
Your ice beast zombie hits the ice statue but does no damage.
Your rime drake zombie is engulfed in freezing vapours.
The ice statue gestures.
The ice statue gestures at you.
The bolt of cold hits your spectral ugly thing!
Your spectral ugly thing resists.
The bolt of cold hits you!!
* * * LOW HITPOINT WARNING * * *
The ice beast hits your polar bear simulacrum but does no damage.
Your polar bear simulacrum bites the ice statue.
Your polar bear simulacrum freezes the ice statue.
The ice statue completely resists.
Your polar bear simulacrum claws the ice statue but does no damage. x2
Your ugly thing simulacrum barely misses the ice beast.
Your polar bear simulacrum bites the ice statue.
Your polar bear simulacrum freezes the ice statue.
The ice statue completely resists.
Your polar bear simulacrum claws the ice statue.
Your polar bear simulacrum freezes the ice statue.
The ice statue completely resists.
Your polar bear simulacrum claws the ice statue but does no damage.
Your spectral ugly thing hits the ice statue but does no damage.
Your spectral ugly thing hits the ice statue.
You feel much better.
You are engulfed in freezing vapours.
* * * LOW HITPOINT WARNING * * *
The ice statue gestures at your spectral ugly thing.
The bolt of cold hits your spectral ugly thing!
Your spectral ugly thing resists.
The bolt of cold hits you!
You die...
Kikubaaqudgha rasps: "You have failed me!
Welcome... death!"

### ##### #∩.##
###...####
#..8####........##
#...8##..........##
#8.°.8#...........##
#ZZ...#....8.......#
#}!☼○.#8...........#
#°☼YZ©#©©........∩∩#
#ZZ@○.#8.[.........#
#ZZZ°.#....8.......#
#8ZZ.8#...........##
#YZZ8##..........##
#.Y8####........##
#©.## ###...#### ###
#####


You could see 2 ice statues, 3 ice beasts, a friendly spectral rime drake, 2
friendly spectral ugly things, a friendly spectral ice beast, 2 friendly polar
bear simulacra, 2 friendly ugly thing simulacra, 2 friendly rime drake zombies,
a friendly ugly thing zombie and a friendly ice beast zombie.

Vanquished Creatures
  4 hydras
  3 two-headed ogres
  6 death yaks
  2 soul eaters (D:9)
  Sonja (D:11)
  A sun demon (D:9)
  A salamander mystic (Volcano)
  Pikel (D:8)
  A lindwurm (Volcano)
  A cyclops (D:11)
  4 salamanders (Volcano)
  An elephant (Lair:2)
  3 black mambas
  An orange demon (D:9)
  A torpor snail (Lair:1)
  An unseen horror (D:10)
  2 rust devils (D:9)
  5 cane toads
  Psyche (D:9)
  A rime drake (Lair:5)
  3 komodo dragons
  A kobold demonologist (D:10)
  2 hellwings (D:9)
  A red devil (D:9)
  A troll (D:10)
  6 polar bears
  6 blink frogs
  3 dream sheep (Lair:5)
  2 shadows
  3 wyverns
  A basilisk (Lair:2)
  37 yaks
  A spriggan (D:11)
  2 acid dragons
  9 water moccasins
  3 ice beasts
  2 sky beasts
  7 orc warriors
  4 black bears
  An ogre (D:5)
  9 wolves
  A centaur (D:8)
  A phantom (D:5)
  2 lemures (D:8)
  3 kobold brigands
  12 gnoll sergeants
  6 bullfrogs
  4 scorpions
  13 wights
  10 killer bees
  2 howler monkeys
  An electric eel (Lair:1)
  A quasit (D:9)
  4 jellies
  8 hounds
  8 gnoll boudas
  7 orc priests
  Crazy Yiuf (D:7)
  An iron imp (D:8)
  4 iguanas
  16 orc wizards
  4 hell rats (Lair:5)
  34 gnolls
  12 adders
  A shadow imp (D:8)
  An ufetubus (D:5)
  2 worms (D:3)
  2 dart slugs
  58 orcs
  4 ball pythons
  12 endoplasms
  8 hobgoblins
  23 kobolds
  2 quokkas
  4 bats
  2 frilled lizards
  14 goblins
  7 rats
440 creatures vanquished.

Vanquished Creatures (collateral kills)
  5 hydras
  A catoblepas (Lair:2)
  A boulder beetle (Lair:3)
  A two-headed ogre (D:10)
  10 death yaks
  A hell knight (Volcano)
  3 ugly things
  A manticore (D:11)
  A salamander (Volcano)
  3 black mambas
  5 cane toads
  An orange demon (D:9)
  Maggie (Lair:1)
  3 rime drakes
  4 komodo dragons
  2 polar bears
  3 blink frogs
  8 dream sheep (Lair:5)
  A ynoxinul (D:9)
  2 shadows
  A wraith (D:10)
  A wyvern (Lair:3)
  20 yaks
  3 basilisks
  A steam dragon (Lair:3)
  Grum (Lair:1)
  8 water moccasins
  A swamp drake (Lair:3)
  A black bear (Lair:1)
  4 wolves
  5 bullfrogs
  A cane toad simulacrum (IceCv)
  4 wights (D:10)
  2 elephant simulacra (IceCv)
  A killer bee (D:10)
  2 electric eels (Lair:2)
  2 howler monkeys (D:11)
  3 orc priests
  An orc wizard (D:9)
  A hell rat (Lair:5)
  7 orcs (D:9)
127 creatures vanquished.

Vanquished Creatures (others)
  A boulder beetle (D:11)
  3 lindwurms (Volcano)
  A salamander (Volcano)
  3 death yak zombies (Lair:2)
  2 rime drakes (IceCv)
  A komodo dragon (Lair:1)
  A polar bear (IceCv)
  3 salamander zombies (Volcano)
  A cane toad zombie (Lair:1)
  A dream sheep zombie (Lair:5)
  2 ice beasts (IceCv)
  2 lindwurm zombies (Volcano)
  5 blink frog zombies
  2 komodo dragon zombies
  A bullfrog (Lair:1)
  A water moccasin zombie (Lair:4)
  13 yak zombies
  4 wolf zombies (Lair:2)
  A bullfrog zombie (Lair:1)
  A black bear zombie (Lair:1)
  A basilisk zombie (Lair:3)
  An ice beast zombie (IceCv)
  An adder (D:11)
  An adder zombie (D:11)
  An iguana zombie (Lair:3)
  3 kobold zombies
  2 orc zombies
  5 demonic plants (D:9)
  44 fungi
  65 plants
  2 withered plants (D:9)
175 creatures vanquished.

Grand Total: 742 creatures vanquished

Notes
Turn   | Place    | Note
-------+----------+-------------------------------------------
     0 | D:1      | GeoRichter the Demonspawn Ice Elementalist began the quest
                  | for the Orb.
     0 | D:1      | Reached XP level 1. HP: 13/13 MP: 3/3
   373 | D:1      | Gained mutation: Your touch may inflict minor irresistible
                  | damage on your foes. [demonic ancestry]
   373 | D:1      | Reached XP level 2. HP: 13/19 MP: 1/5
   955 | D:1      | Found a faded altar of an unknown god.
  1042 | D:2      | Found Zankywn's Book Boutique.
  1122 | D:2      | Gained mutation: Spells you cast may paralyse adjacent
                  | enemies. [demonic ancestry]
  1122 | D:2      | Reached XP level 3. HP: 21/24 MP: 1/6
  1176 | D:2      | Identified the +10 short sword of Zinomoud {drain, *Rage
                  | rElec rPois Stlth+}
  1225 | D:2      | Found Ipaocw's Book Shoppe.
  1326 | D:2      | Found Haono's Jewellery Boutique.
  1389 | D:2      | Learned a level 3 spell: Frozen Ramparts
  1393 | D:2      | Learned a level 3 spell: Ozocubu's Armour
  1410 | D:2      | Found Uhoin's Antique Armour Emporium.
  1821 | D:2      | Found Zankywn's Book Boutique.
  1850 | D:2      | Reached XP level 4. HP: 30/30 MP: 1/8
  2323 | D:3      | Reached skill level 5 in Ice Magic
  2619 | D:3      | Found a faded altar of an unknown god.
  2909 | D:4      | Reached XP level 5. HP: 35/35 MP: 7/9
  3753 | D:4      | Reached XP level 6. HP: 41/41 MP: 11/11
  3920 | D:4      | Noticed a wyvern
  3924 | D:4      | Killed a wyvern
  3998 | D:4      | Reached XP level 7. HP: 46/46 MP: 9/13
  4116 | D:5      | Entered Level 5 of the Dungeon
  4661 | D:5      | Reached skill level 5 in Spellcasting
  4738 | D:5      | Gained mutation: A meltable shield of frost defends you.
                  | (SH +4) [demonic ancestry]
  4738 | D:5      | Reached XP level 8. HP: 49/52 MP: 8/15
  4847 | D:5      | Identified the ring "Guod" {Contam rF++ rN+ Int+5}
  5445 | D:5      | Found a staircase to the Ecumenical Temple.
  5458 | Temple   | Entered the Ecumenical Temple
  5934 | D:6      | Found Gootza Sawu's General Store.
  6127 | D:6      | Reached skill level 1 in Necromancy
  6171 | D:6      | Reached skill level 1 in Fighting
  6274 | D:6      | Found Fadwi Ynn's Book Boutique.
  6351 | D:6      | Found a radiant altar of Vehumet.
  6372 | D:6      | Found a shadowy altar of Dithmenos.
  6376 | D:6      | Found a hazy altar of Hepliaklqana.
  6391 | D:6      | Reached skill level 2 in Necromancy
  6415 | D:6      | Gained mutation: Your touch may inflict irresistible damage
                  | on your foes. [demonic ancestry]
  6415 | D:6      | Reached XP level 9. HP: 59/59 MP: 16/18
  6518 | D:6      | Found a sacrificial altar of Ru.
  6652 | D:7      | Found a bloodstained altar of Trog.
  6712 | D:7      | Reached skill level 3 in Necromancy
  6822 | D:7      | Found a broken altar of Ashenzari.
  6929 | D:7      | Reached skill level 4 in Necromancy
  7097 | D:7      | Found an ancient bone altar of Kikubaaqudgha.
  7505 | D:7      | Found a runed translucent gate.
  7506 | D:7      | Found a runed translucent gate.
  7507 | D:7      | Found a runed translucent gate.
  7509 | D:7      | Noticed Voland's ghost (novice MfTm)
  7509 | D:7      | Noticed ripuliukko's ghost (novice GrEE)
  7509 | D:7      | Noticed DildoBatman's ghost (novice FoCj)
  7544 | D:7      | Reached skill level 5 in Necromancy
  7551 | D:7      | Learned a level 6 spell: Simulacrum
  7596 | D:7      | Reached skill level 10 in Ice Magic
  7715 | D:7      | Found a runed translucent door.
  7716 | D:7      | Noticed Crazy Yiuf
  7771 | D:7      | Found a stormy altar of Qazlal.
  7840 | D:7      | Killed Crazy Yiuf
  7944 | D:8      | Noticed Pikel
  7944 | D:8      | Found an opulent altar of Gozag.
  8074 | D:8      | Found a flagged portal.
  8083 | Bailey   | Entered a bailey
  8164 | Bailey   | Reached XP level 10. HP: 66/70 MP: 14/20
  8447 | Bailey   | Reached skill level 6 in Necromancy
  9208 | D:8      | Found a sparkling altar of Nemelex Xobeh.
  9248 | D:7      | Became a worshipper of Kikubaaqudgha
 10014 | D:8      | Killed Pikel
 10015 | D:8      | Reached skill level 7 in Necromancy
 10110 | D:8      | Found a hide-covered altar of Uskayaw.
 10227 | D:8      | Found a snail-covered altar of Cheibriados.
 10343 | D:9      | Noticed a sun demon
 10464 | D:9      | Reached * piety under Kikubaaqudgha
 10464 | D:9      | Received a gift from Kikubaaqudgha
 10701 | D:9      | Noticed an orange demon
 10704 | D:9      | Noticed a soul eater
 10709 | D:9      | Killed an orange demon
 10721 | D:9      | Killed a soul eater
 10722 | D:9      | Reached skill level 5 in Fighting
 10722 | D:9      | Reached skill level 5 in Dodging
 10722 | D:9      | Reached skill level 8 in Necromancy
 10722 | D:9      | Gained mutation: You have an unusually large brain. (Int
                  | +2) [demonic ancestry]
 10722 | D:9      | Reached XP level 11. HP: 79/79 MP: 9/22
 10815 | D:9      | Noticed a soul eater
 10829 | D:9      | Killed a soul eater
 10906 | D:9      | Learned a level 6 spell: Death Channel
 10950 | D:9      | Learned a level 4 spell: Animate Dead
 10972 | D:9      | Found a runed translucent gate.
 10972 | D:9      | Found a runed translucent gate.
 10972 | D:9      | Found a runed translucent gate.
 10974 | D:9      | Noticed ymhsbmbesitwf's ghost (journeyman DjAE)
 10974 | D:9      | Noticed kalagan's ghost (journeyman DECj)
 10974 | D:9      | Noticed matvey144's ghost (journeyman MiFi)
 10975 | D:9      | Noticed peterlawrence's ghost (novice MiFi)
 10975 | D:9      | Found the +3 pair of gauntlets of War {Slay+5}
 11036 | D:9      | Noticed a centaur warrior
 11036 | D:9      | Noticed an eight-headed hydra
 11036 | D:9      | Noticed a wolf spider
 11037 | D:9      | Found a runed translucent door.
 11039 | D:9      | Noticed a brown very ugly thing
 11133 | D:9      | Killed a sun demon
 11328 | D:9      | Noticed a two-headed ogre
 11341 | D:9      | Killed a two-headed ogre
 11348 | D:9      | Reached skill level 9 in Necromancy
 11424 | D:9      | Identified the +5 spear of Vikaomm {elec, Dex+4}
 11554 | D:9      | Reached ** piety under Kikubaaqudgha
 11716 | D:9      | Found a basalt altar of Yredelemnul.
 11718 | D:9      | Noticed a profane servitor
 11844 | D:9      | Noticed Psyche
 11856 | D:9      | Killed Psyche
 12209 | D:10     | Entered Level 10 of the Dungeon
 12209 | D:10     | Found Igomiof's Assorted Antiques.
 12556 | D:10     | Noticed a two-headed ogre
 12564 | D:10     | Noticed a two-headed ogre
 12572 | D:10     | Killed a two-headed ogre
 12573 | D:10     | Reached skill level 10 in Necromancy
 12574 | D:10     | Reached *** piety under Kikubaaqudgha
 12574 | D:10     | Received a gift from Kikubaaqudgha
 12614 | D:10     | Killed a two-headed ogre
 12615 | D:10     | Gained mutation: Your touch may irresistibly damage your
                  | foes and sap their willpower. [demonic ancestry]
 12615 | D:10     | Reached XP level 12. HP: 89/89 MP: 2/24
 12905 | D:10     | Found a staircase to the Orcish Mines.
 13482 | D:11     | Noticed Sonja
 13486 | D:11     | Paralysed by Sonja for 4 turns
 13495 | D:11     | Killed Sonja
 13500 | D:11     | Noticed an eight-headed hydra
 13506 | D:11     | Your ally Sonja died
 13508 | D:11     | Killed an eight-headed hydra
 13702 | D:11     | Noticed a two-headed ogre
 13709 | D:11     | Killed a two-headed ogre
 13960 | D:11     | Reached skill level 11 in Necromancy
 14103 | D:11     | Found a staircase to the Lair.
 14285 | Lair:1   | Entered Level 1 of the Lair of Beasts
 14285 | Lair:1   | Noticed Maggie
 14292 | Lair:1   | Killed Maggie
 14881 | Lair:1   | Noticed a four-headed hydra
 14896 | Lair:1   | Noticed Grum
 14897 | Lair:1   | Killed a four-headed hydra
 14902 | Lair:1   | Killed Grum
 15287 | Lair:1   | Reached **** piety under Kikubaaqudgha
 15685 | Lair:2   | Reached skill level 12 in Necromancy
 15920 | Lair:2   | Reached skill level 1 in Armour
 15920 | Lair:2   | Gained mutation: You have an extremely huge brain. (Int +4)
                  | [demonic ancestry]
 15920 | Lair:2   | Reached XP level 13. HP: 98/98 MP: 11/26
 16110 | Lair:2   | Found a staircase to the Snake Pit.
 16315 | Lair:2   | Reached skill level 1 in Earth Magic
 17402 | Lair:2   | Reached skill level 13 in Necromancy
 17642 | Lair:2   | Reached ***** piety under Kikubaaqudgha
 17681 | Lair:2   | Reached skill level 10 in Spellcasting
 18023 | Snake:1  | Entered Level 1 of the Snake Pit
 18134 | Lair:3   | Found a dark tunnel.
 18179 | Volcano  | Entered a volcano
 18635 | Volcano  | Gained mutation: Spells you cast may paralyse nearby
                  | enemies. [demonic ancestry]
 18635 | Volcano  | Reached XP level 14. HP: 100/106 MP: 22/28
 19710 | Lair:3   | Found a staircase to the Swamp.
 20285 | Lair:4   | Reached skill level 14 in Necromancy
 20442 | Lair:4   | Reached skill level 5 in Armour
 20701 | Lair:4   | You fall into a shaft and drop 1 floor!
 20701 | Lair:5   | Entered Level 5 of the Lair of Beasts
 20811 | Lair:5   | Found a viscous altar of Jiyva.
 20811 | Lair:5   | Found a staircase to the Slime Pits.
 21055 | Lair:5   | Found a frozen archway.
 21110 | IceCv    | Entered an ice cave
 21122 | IceCv    | Found a transporter.
 21142 | IceCv    | Found a transporter.
 21154 | IceCv    | Killed from afar by an ice statue

Illustrated notes

Levels and vault maps discovered:
D:1:      roderic_dead_forest, layout_basic, dilly_ecumenical_altar_fadedgnrine
D:2:      layout_rooms, serial_shops, shop_statue, nicolae_square_shop,
          nicolae_diamond_shop, nicolae_diamond_shop, st_stairs_13,
          dk_noncrumbling_3
D:3:      layout_loops_ring, nicolae_overflow_ecumenical_swirl
D:4:      cheibrodos_barr_body, layout_basic
D:5:      layout_basic, minmay_temple_entry_proselytizer, serial_park_tiny_1
D:6:      layout_cave_pools, riverfiend_overflow_shadow_ancestor,
          hangedman_ru_absence, mainiacjoe_overflow_paths, serial_shops,
          kennysheep_mini_moat, shop, serial_park, serial_park_avenue1,
          serial_park_square3 [serial_park_minivault_5x5_8], serial_park_tiny_1
D:7:      layout_rooms, marbit_many_paths, cheibrodos_ashenzari_chains,
          mainiacjoe_overflow_chevrons,
          mainiacjoe_overflow_concentric_impassable, gammafunk_ghost_cemetery,
          kennysheep_small_spiral, uniq_crazy_yiuf_cottage
D:8:      layout_cave_pools, mainiacjoe_overflow_catwalk,
          nicolae_gozag_seed_capital, mainiacjoe_overflow_cross_hatched,
          slow_altar_2, enter_bailey_5, uniq_pikel
D:9:      minmay_gate_of_8, layout_irregular_city,
          grunt_temple_overflow_holy_war, gammafunk_ghost_cemetery,
          serial_demonic, serial_demonic_f, serial_demonic_g, serial_demonic_d,
          serial_demonic_g, serial_demonic_f, serial_demonic_a,
          dreamdust_gnoll_shepherd, uniq_psyche
D:10:     layout_loops_ring, minmay_orc_entry_temple_small, serial_shops,
          nicolae_shop_hallway_stairs, minmay_joined_circles
D:11:     layout_small_grid, lair_entry_dummy, the_hattery, uniq_sonja
Temple:   hellmonk_temple_two_chambers
Lair:1:   layout_long_grid, gammafunk_lair_bear_cave, uniq_grum, uniq_maggie
Lair:2:   nzn_winding_woodlands_stair_trap
          [nzn_winding_woodlands_5x15_longhouse,
          nzn_winding_woodlands_5x15_jagged,
          nzn_winding_woodlands_5x15_river_crossing,
          nzn_winding_woodlands_15x15_five_gardens,
          nzn_winding_woodlands_5x15_lazy_stream,
          nzn_winding_woodlands_5x15_split_checker,
          nzn_winding_woodlands_5x15_eye], layout_long_grid
Lair:3:   layout_regular_city, minmay_swamp_entry_reptiles, enter_volcano_1,
          serial_bayou_shore_b, grunt_megastairs_2, lemuel_fruit_tree
Lair:4:   layout_hall_layers
Lair:5:   hellmonk_lair_end_abyssal_woods, layout_loops_ring, slime_entry_1,
          portal_ice_cave_rime
Snake:1:  layout_chambers, ebering_ghost_disaster_area, serial_shops, shop,
          nicolae_shop_vocational, grunt_megastairs_3
IceCv:    ice_cave_statue_garden_transporter

Skill      XL: |  1  2  3  4  5  6  7  8  9 10 11 12 13 14 |
---------------+-------------------------------------------+-----
Ice Magic      | 4 5 6 7 9 10 11 12 | 12.0
Spellcasting   | 3 4 5 6 7 8 9 10 | 10.7
Dodging        | 2 3 5 6 7 8 9 |  9.1
Necromancy     | 2 5 8 10 12 13 14 | 14.3
Fighting       | 1 3 5 6 7 8 9 |  9.7
Armour         | 1 3 6 |  6.0
Earth Magic    | 3 4 |  4.0
Stealth        | |  1.7

Action                   |  1- 3 |  4- 6 |  7- 9 | 10-12 | 13-15 || total
-------------------------+-------+-------+-------+-------+-------++-------
Melee: Unarmed           |     1 |       |       |       |       ||     1
       Dagger            |     6 |       |       |       |       ||     6
       Touch             |     2 |     2 |    14 |    39 |    48 ||   105
       Short sword       |     3 |    33 |   104 |   149 |       ||   289
       Punch             |       |     1 |       |     6 |     5 ||    12
       Spear             |       |       |       |    83 |   243 ||   326
       Demon trident     |       |       |       |       |    12 ||    12
 Cast: Freeze            |    51 |    32 |    72 |    21 |       ||   176
       Frozen Ramparts   |     1 |     5 |    28 |    55 |    24 ||   113
       Ozocubu's Armour  |     1 |     2 |    17 |    36 |    14 ||    70
       Simulacrum        |       |       |       |    10 |    20 ||    30
       Animate Dead      |       |       |       |    10 |    10 ||    20
       Death Channel     |       |       |       |    16 |    17 ||    33
Invok: Unearth Wretches  |       |       |       |     2 |     2 ||     4
Evoke: Wand              |       |       |     6 |    16 |       ||    22
  Use: Scroll            |       |       |    12 |     1 |    10 ||    23
       Potion            |       |       |       |       |     4 ||     4
 Stab: Paralysed         |     2 |     5 |    19 |    24 |    20 ||    70
       Sleeping          |     1 |    12 |     3 |     3 |     2 ||    21
       Distracted        |       |       |       |     6 |     2 ||     8
Armor: Robe              |     8 |    11 |    26 |    55 |       ||   100
       Acid dragon scale |       |       |       |    26 |    64 ||    90
Dodge: Dodged            |    28 |    22 |    64 |   195 |   105 ||   414
Block: Other             |       |       |    27 |    58 |    23 ||   108
